 Dungeon Crawl Stone Soup version 0.30-a0-121-gb27577e5d9 (webtiles) character file.

Game seed: 12264453353518514382

1096 ragingrage the Ruffian (level 8, -2/70 HPs)
             Began as a Yellow Draconian Transmuter on Sept 14, 2022.
             Killed from afar by Maggie (17 damage)
             ... with a bolt of fire
             ... on level 6 of the Dungeon.
             The game lasted 00:04:58 (5087 turns).

ragingrage the Ruffian (DrTm)                       Turns: 5087, Time: 00:04:58

Health: -2/70      AC:  6    Str: 13    XL:     8   Next: 10%
Magic:  11/11      EV: 12    Int: 16    God:
Gold:   297        SH:  0    Dex: 11    Spells: 8/11 levels left

rFire   . . .      SeeInvis .    f - +4 hand axe (venom)
rCold   . . .      Faith    .    (no shield)
rNeg    . . .      Spirit   .    (body armour unavailable)
rPois   +          Reflect  .    (helmet currently unavailable)
rElec   .          Harm     .    (no cloak)
rCorr   +          Rampage  .    (no gloves)
Will    .....                    (boots currently unavailable)
Stlth   +.........               d - amulet of magic regeneration
HPRegen 0.21/turn                m - ring of poison resistance
MPRegen 0.52/turn                (no ring)

@: appendages, wereblooded, mesmerised
A: horns 2, talons 2, spit acid, AC +6, unfitting armour, cold-blooded, acid
resistance
a: Breathe Acid, End Transformation


You were on level 6 of the Dungeon.
You had temporarily grown beastly horns and talons.
You visited 1 branch of the dungeon, and saw 6 of its levels.

You collected 297 gold pieces.

Inventory:

Hand Weapons
 f - a +4 hand axe of venom (weapon)
Missiles
 o - a throwing net
 q - 13 poisoned darts
Jewellery
 d - an amulet of magic regeneration (around neck)
 m - a ring of poison resistance (left hand)
 C - a ring of positive energy
Wands
 z - a wand of flame (17)
 A - a wand of charming (7)
Scrolls
 b - 3 scrolls of enchant weapon {unknown}
 h - 2 scrolls of teleportation {unknown}
 j - 3 scrolls of poison {unknown}
 k - a scroll of noise {unknown}
 l - 5 scrolls of identify {unknown}
 r - a scroll of enchant armour {unknown}
 s - a scroll of butterflies {unknown}
 v - 2 scrolls of immolation {unknown}
 w - 2 scrolls of vulnerability {unknown}
 x - a scroll of magic mapping {unknown}
 y - a scroll of blinking {unknown}
Potions
 a - a potion of lignification
 c - a potion of resistance {unknown}
 e - a potion of berserk rage {unknown}
 g - a potion of attraction {unknown}
 i - 2 potions of curing
 n - 2 potions of might
 p - a potion of cancellation {unknown}
 t - a potion of brilliance {unknown}
 u - a potion of mutation {unknown}
 B - 2 potions of heal wounds {unknown}
 D - a potion of degeneration {unknown}


   Skills:
 + Level 5.9 Fighting
 - Level 1.8 Dodging
 + Level 6.2 Unarmed Combat
 - Level 2.0 Spellcasting
 + Level 5.8 Transmutations


You had 8 spell levels left.
You knew the following spells:

 Your Spells              Type           Power      Damage    Failure   Level
a - Wereblood             Tmut           20%        N/A       2%          2
b - Beastly Appendage     Tmut           40%        N/A       1%          1

Your spell library contained the following spells:

 Spells                   Type           Power      Damage    Failure   Level
 Spider Form              Tmut/Pois      10%        N/A       19%         3
 Frozen Ramparts          Ice            2%         1d1       52%         3
 Ice Form                 Ice/Tmut       10%        N/A       52%         4
 Summon Ice Beast         Ice/Summ       1%         N/A       90%         4


Dungeon Overview and Level Annotations

Branches:
Dungeon (6/15)
 Temple: D:4-7

Altars:
Hepliaklqana
Yredelemnul
The Shining One

Shops:
D:5 (

Portals:
Abyss: D:4

Annotations:
D:4 2 transporters, LnG's ghost, novice HOFi
D:6 Maggie


Innate Abilities, Weirdness & Mutations

You have temporarily grown beastly horns and talons.
You can spit globs of acid.
Your golden yellow scales are hard. (AC +6)
You cannot fit into any form of body armour.
You are cold-blooded and may be slowed by cold attacks.
You are resistant to acid. (rCorr)


Message History

Okay, then.
Unknown command.
m - a ring of poison resistance (left hand)
Okay, then.
Casting: Wereblood (safe; 2% risk of failure)
Confirm with . or Enter, or press ? or * to list all spells.
Your blood is infused with primal strength.
Casting: Wereblood (safe; 2% risk of failure)
Confirm with . or Enter, or press ? or * to list all spells.
You grow a pair of large bovine horns.
Your feet morph into talons.
Maggie gestures wildly while chanting.
Maggie attempts to bespell you!
You are mesmerised by Maggie!
Maggie hits you with a +0 vorpal scimitar!
There is a stone staircase leading up, spattered with blood here.
You hit Maggie.
Maggie is poisoned.
Maggie is lightly wounded.
Maggie barely misses you.
You hit Maggie.
Maggie looks as sick as possible!
You headbutt Maggie, but do no damage. You punch Maggie, but do no damage.
Maggie is lightly wounded.
Maggie drinks a potion.
Maggie seems to grow stronger.
Maggie hits you with a +0 vorpal scimitar!
You closely miss Maggie. You claw Maggie. You headbutt Maggie!
Maggie is heavily wounded.
Maggie barely misses you.
You hit Maggie.
Maggie looks as sick as possible!
You headbutt Maggie, but do no damage.
Maggie is heavily wounded.
Maggie mutters to herself, "Master Lance won't take me back.
This is the way forward."
Maggie hits you with a +0 vorpal scimitar!!
* * * LOW HITPOINT WARNING * * *
x2 You hit Maggie but do no damage.
Maggie looks as sick as possible!
Your kick misses Maggie. You headbutt Maggie, but do no damage.
You tail-slap Maggie, but do no damage.
Maggie is severely wounded.
Maggie hits you but does no damage.
Maggie points at you and mumbles some strange words.
The bolt of fire hits you!
You die...

########.
#.@...... #@#
#########.#
####.........#
.....#..######
# #......#
###.###.####
...........#
###..##.##.#
#.....##.####


You could see Maggie (mesmerising, strong, extremely poisoned).

Vanquished Creatures
  An ogre (D:4)
  A necrophage (D:4)
  2 gnoll sergeants
  A hound (D:4)
  An orc priest (D:5)
  A jelly (D:6)
  An iguana (D:6)
  6 orc wizards
  Natasha (thrice) (D:4)
  5 adders
  26 gnolls
  A worm (D:2)
  3 dart slugs
  29 orcs
  6 endoplasms
  17 giant cockroaches
  3 goblins
  9 hobgoblins
  6 jackals
  14 kobolds
  5 quokkas
  12 ball pythons
  3 bats
  4 frilled lizards
  22 rats
182 creatures vanquished.

Notes
Turn   | Place    | Note
-------+----------+-------------------------------------------
     0 | D:1      | ragingrage the Draconian Transmuter began the quest for the
                  | Orb.
     0 | D:1      | Reached XP level 1. HP: 16/16 MP: 3/3
    95 | D:1      | Reached XP level 2. HP: 23/23 MP: 5/5
   114 | D:1      | Learned a level 2 spell: Wereblood
   302 | D:1      | Reached XP level 3. HP: 25/29 MP: 6/6
   644 | D:1      | You fall into a shaft and drop 1 floor!
   680 | D:2      | Reached XP level 4. HP: 26/37 MP: 7/7
   808 | D:2      | Reached skill level 4 in Unarmed Combat
   983 | D:2      | Reached XP level 5. HP: 44/44 MP: 8/8
  1279 | D:2      | Found a faded altar of an unknown god.
  1748 | D:3      | Reached XP level 6. HP: 52/52 MP: 9/9
  2101 | D:3      | Found a glowing golden altar of the Shining One.
  2392 | D:4      | Noticed Natasha
  2402 | D:4      | Killed Natasha
  2492 | D:4      | Reached skill level 5 in Unarmed Combat
  2755 | D:4      | Found a transporter.
  2770 | D:4      | Noticed an ancient zyme
  2773 | D:4      | Noticed Natasha
  2779 | D:4      | Killed Natasha
  2780 | D:4      | Your scales start taking on a golden yellow colour.
  2780 | D:4      | Reached XP level 7. HP: 60/60 MP: 10/10
  2780 | D:4      | Gained mutation: You are resistant to acid. (rCorr) [Yellow
                  | Draconian growth]
  2958 | D:4      | Reached skill level 5 in Fighting
  2958 | D:4      | Reached skill level 5 in Transmutations
  3371 | D:4      | Noticed Natasha
  3380 | D:4      | Killed Natasha
  3480 | D:4      | Found a transporter.
  3491 | D:4      | Found a one-way gate to the infinite horrors of the Abyss.
  3491 | D:4      | Noticed LnG's ghost (novice HOFi)
  3735 | D:5      | Entered Level 5 of the Dungeon
  3839 | D:5      | Found Hushomol's Weapon Shoppe.
  3964 | D:5      | Reached skill level 6 in Unarmed Combat
  4281 | D:5      | Reached XP level 8. HP: 61/70 MP: 11/11
  4440 | D:5      | Identified the +7 battleaxe of Gravity {chaos, rF+ rC+ rN+}
  4585 | D:5      | Found a hazy altar of Hepliaklqana.
  4590 | D:5      | Found a basalt altar of Yredelemnul.
  5075 | D:6      | Noticed Maggie
  5087 | D:6      | Killed from afar by Maggie

Illustrated notes

Levels and vault maps discovered:
D:1:      minmay_arrival_radiant_lines, layout_rooms, minmay_hexomino_p4
D:2:      minmay_roachtagon, layout_basic, nicolae_ecumenical_oubliette
D:3:      minmay_bubble_buster, layout_rooms, lemuel_tele_altar
D:4:      layout_loops_ring, gammafunk_ghost_abyssal_escape, minmay_rat_hole,
          uniq_natasha
D:5:      layout_rooms, mainiacjoe_overflow_big_doors, serial_shops,
          nicolae_shop_bloodbath_and_beyond, kennysheep_boxes
D:6:      minmay_chambers_of_sixes, layout_loops_ring,
          gammafunk_temple_overflow_wave, minmay_misc_feat_square, uniq_maggie,
          uniq_pikel

Skill      XL: |  1  2  3  4  5  6  7 |
---------------+----------------------+-----
Fighting       | 2 3 4 5 |  5.9
Transmutations | 3 4 5 |  5.8
Unarmed Combat | 4 5 6 |  6.2
Dodging        | |  1.8
Spellcasting   | |  2.0

Action                   |  1- 3 |  4- 6 |  7- 9 || total
-------------------------+-------+-------+-------++-------
Melee: Unarmed           |    12 |       |       ||    12
       Kick              |     4 |    23 |    17 ||    44
       Hand axe          |    54 |   156 |    97 ||   307
       Tailslap          |     5 |    20 |    16 ||    41
       Headbutt          |     1 |     8 |    15 ||    24
       Punch             |     1 |     5 |     6 ||    12
 Cast: Beastly Appendage |     5 |    18 |     7 ||    30
       Wereblood         |     3 |    20 |     5 ||    28
 Abil: Breathe Acid      |       |       |     8 ||     8
Armor: Skin              |    19 |    46 |    40 ||   105
Dodge: Dodged            |    48 |   102 |    67 ||   217

Table legend: (Time is in decaauts)
 A = Elapsed time spent in this place.
 B = Non-inter-level travel time spent in this place.
 C = Inter-level travel time spent in this place.
 D = Time resting spent in this place.
 E = Time spent auto-exploring this place.
 F = Levels seen in this place.
 G = Mean time per level.
                   A        B        C        D        E       F      G
               +--------+--------+--------+--------+--------+-----+--------+
         Total |   5214 |   5016 |    198 |    714 |   3375 |   6 |  869.0 |
       Dungeon |   5214 |   5016 |    198 |    714 |   3375 |   6 |  869.0 |
               +--------+--------+--------+--------+--------+-----+--------+

Top non-repeatable levels by time:
     D:4: 1618 daAuts
     D:2: 1029 daAuts
     D:5: 887 daAuts
     D:1: 736 daAuts
     D:3: 713 daAuts
     D:6: 230 daAuts
